 Dungeon Crawl Stone Soup version 0.28.0-43-g3370ac3207 (webtiles) character file.

Game seed: 503356572054335483

1542 4FPSwarrior the Sneak (level 8, 0/42 HPs)
             Began as a Vine Stalker Enchanter on Mar 20, 2022.
             Was an Initiate of Fedhas.
             Killed by divine providence
             ... invoked by an orc priest
              (11 damage)
             ... on level 7 of the Dungeon.
             The game lasted 00:19:19 (6764 turns).

4FPSwarrior the Sneak (Vine Stalker Enchanter)      Turns: 6764, Time: 00:19:20

Health: 0/42       AC:  4    Str: 11    XL:     8   Next: 87%
Magic:  0/16       EV: 16    Int: 17    God:    Fedhas [......]
Gold:   255        SH:  0    Dex: 15    Spells: 11/16 levels left

rFire   . . .      SeeInvis .   v - +1 short sword (venom)
rCold   . . .      Faith    .   (no shield)
rNeg    . . .      Spirit   +   b - +0 robe
rPois   .          Reflect  .   u - +0 helmet
rElec   .          Harm     .   p - +0 cloak
rCorr   +          Rampage  .   (no gloves)
Will    +....                   (no boots)
Stlth   +++.......              (no amulet)
HPRegen 0.94/turn               f - ring of resist corrosion
MPRegen 0.15/turn               r - +4 ring of evasion

@: no status effects
A: fangs 3, regeneration 1, magic shield, antimagic bite, no potion heal 2
a: Renounce Religion


You were on level 7 of the Dungeon.
You worshipped Fedhas.
Fedhas was noncommittal.
You visited 2 branches of the dungeon, and saw 8 of its levels.
You also visited: Sewer.

You collected 255 gold pieces.

Inventory:

Hand Weapons
 a - a +1 dagger
 v - a +1 short sword of venom (weapon)
 w - the +7 staff of the Meek {protect, meekguard}
   (You found it on level 6 of the Dungeon)

   It grants its wielder temporary protection when it strikes (+7 to AC).
   It provides extra protection to wielders with little health.
 x - a +0 short sword of protection
Missiles
 q - a throwing net (quivered)
Armour
 b - a +0 robe (worn)
 p - a +0 cloak (worn)
 u - a +0 helmet (worn)
Jewellery
 f - a ring of resist corrosion (left hand)
 r - a +4 ring of evasion (right hand)
Scrolls
 c - a scroll of fear {unknown}
 e - 4 scrolls of vulnerability
 g - 2 scrolls of identify
 j - a scroll of immolation {unknown}
 k - 2 scrolls of fog
 o - a scroll of blinking {unknown}
 y - a scroll of holy word {unknown}
Potions
 d - 2 potions of degeneration {unknown}
 h - 5 potions of curing {unknown}
 i - 4 potions of heal wounds
 l - a potion of might {unknown}
 m - 3 potions of haste {unknown}
 n - 6 potions of mutation
 s - a potion of lignification {unknown}
 t - 2 potions of resistance


   Skills:
 + Level 3.9 Fighting
 + Level 3.8 Short Blades
 + Level 0.5 Staves
 - Level 1.5 Dodging
 + Level 6.7 Stealth
 + Level 4.9 Spellcasting
 + Level 5.3 Hexes
 - Level 4.0 Ice Magic


You had 11 spell levels left.
You knew the following spells:

 Your Spells              Type           Power      Damage    Failure   Level
a - Ensorcelled Hibernat  Hex/Ice        38%        N/A       3%          2
b - Confusing Touch       Hex            22%        N/A       4%          3

Your spell library contained the following spells:

 Spells                   Type           Power      Damage    Failure   Level
 Tukima's Dance           Hex            22%        N/A       4%          3
 Dazzling Flash           Conj/Hex       26%        N/A       14%         3
 Inner Flame              Hex/Fire       13%        N/A       14%         3
 Cause Fear               Hex            11%        N/A       16%         4
 Corpse Rot               Necr/Air       8%         N/A       22%         2
 Gell's Gravitas          Tloc           4%         N/A       41%         3
 Lesser Beckoning         Tloc           4%         N/A       41%         3
 Teleport Other           Tloc           4%         N/A       41%         3
 Dispel Undead            Necr           4%         3d7       82%         4
 Death Channel            Necr           2%         N/A       100%        6
 Discord                  Hex            11%        N/A       100%        8


Dungeon Overview and Level Annotations

Branches:
Dungeon (7/15)             Temple (1/1) D:6           Sewer (visited)

Altars:
Ashenzari
Cheibriados
Dithmenos
Fedhas
Hepliaklqana
Kikubaaqudgha
Makhleb
Nemelex Xobeh
Qazlal
Ru
Trog
Vehumet
Wu Jian
The Shining One
Beogh

Annotations:
D:4 1 runed translucent door, Xye's ghost, amateur DECj
D:5 Menkaure
D:7 1 runed translucent door, Crazy Yiuf


Innate Abilities, Weirdness & Mutations

You have razor-sharp teeth.
Your natural rate of healing is unusually fast.
When hurt, damage is shared between your health and your magic reserves.
Your bite disrupts and absorbs the magic of your enemies.
Potions cannot restore your health.


Message History

y - a scroll labelled OBOANI HUUGIK
Found 12 sling bullets.
You see here a +0 hand axe.
Found 15 sling bullets.
There are monsters nearby!
Casting: Ensorcelled Hibernation (safe; 3% risk of failure)
Confirm with . or Enter, or press ? or * to list all spells.
Aiming: Ensorcelled Hibernation (safe; 3% risk of failure)
Press: ? - help, Shift-Dir - straight line, f - orc warrior
Aim: an orc warrior, wielding a +0 halberd and wearing a +0 plate armour (wandering, hasn't noticed you, chance to affect: 51%)
The orc warrior shouts!
The orc warrior looks drowsy...
The orc priest shouts! x2
The orc priest casts a cantrip, but nothing happens.
A bullfrog comes into view.
A centaur skeleton comes into view.
The helpless orc warrior fails to defend itself.
You puncture the orc warrior!
The orc warrior is poisoned.
The orc warrior is heavily wounded.
The orc priest misses you.
The orc shouts!
The orc warrior hits you with a +0 halberd!
The orc priest mumbles some strange prayers to Beogh against you.
Beogh smites you! The orc warrior closely misses you.
The orc priest calls down the wrath of Beogh upon you.
Beogh smites you!
The orc wizard shouts!
The orc priest calls upon Beogh to heal the orc warrior.
The orc warrior is healed somewhat.
The orc warrior closely misses you.
You hear a loud, deep croak!
The orc wizard casts a spell.
The orc wizard flickers and vanishes!
Deactivating autopickup; reactivate with Ctrl-A.
The orc priest mumbles some strange prayers to Beogh against you.
Beogh smites you!
* * * LOW HITPOINT WARNING * * *
You hear a loud, deep croak!
The orc priest calls down the wrath of Beogh upon you.
Beogh smites you!
You die...
Fedhas appreciates your contribution to the ecosystem.

#####.#.....##.## ###
#.....#....#....# ###.#
##.###..#..#.....# ....#
#........###.....# #
###.####..###....###....## ..
##...............#..#....# ...
#############...#....#...# ....
..............##.....#.F.##...#.
......#.........@..o.o.........F
......#........#.....o..........
......##.......######o.#.##...F.
......##...###... ....Z.........
#####.##...........#.#..#.......
#...###..............#..........
#...###............###........ #
#.....)............ #........
#....##..<.##### #.. ..#...


You could see an orc warrior (poisoned), a bullfrog, 2 orc priests and an orc.

Vanquished Creatures
  A water moccasin (D:5)
  An orc warrior (D:6)
  A necrophage (D:4)
  A phantom (D:5)
  An ogre (D:5)
  Blork the orc (D:5)
  2 bullfrogs
  2 scorpions (D:5)
  A water moccasin skeleton (D:5)
  2 howler monkeys
  A centaur zombie (D:6)
  A hound (D:6)
  3 orc priests
  2 jellies (Sewer)
  Jessica (D:3)
  2 orc wizards (D:5)
  A killer bee zombie (D:6)
  A hound skeleton (D:4)
  A howler monkey zombie (D:5)
  7 gnolls
  10 adders
  2 river rats
  A shadow imp (D:6)
  3 worms
  A dart slug (D:3)
  23 orcs
  15 endoplasms
  5 giant cockroaches
  2 hobgoblins
  10 jackals
  7 kobolds
  6 quokkas
  11 ball pythons
  4 bats
  4 frilled lizards
  8 goblins
  6 rats
151 creatures vanquished.

Notes
Turn   | Place    | Note
-------+----------+-------------------------------------------
     0 | D:1      | 4FPSwarrior the Vine Stalker Enchanter began the quest for
                  | the Orb.
     0 | D:1      | Reached XP level 1. HP: 9/9 MP: 4/4
   349 | D:1      | Reached XP level 2. HP: 14/14 MP: 6/6
   710 | D:1      | Learned a level 2 spell: Ensorcelled Hibernation
   894 | D:1      | Reached skill level 4 in Stealth
   963 | D:1      | Reached XP level 3. HP: 16/17 MP: 7/7
   966 | D:1      | Reached skill level 1 in Fighting
  1301 | D:2      | Reached skill level 1 in Short Blades
  1653 | D:2      | Gained mutation: Your natural rate of healing is unusually
                  | fast. [Vine Stalker growth]
  1653 | D:2      | Reached XP level 4. HP: 22/22 MP: 9/9
  1929 | D:2      | Reached skill level 1 in Ice Magic
  2102 | D:2      | Found a faded altar of an unknown god.
  2204 | D:2      | Identified the +9 short sword of Distant Worlds {pain,
                  | Stlth+}
  2299 | D:3      | Noticed Jessica
  2302 | D:3      | Killed Jessica
  2303 | D:3      | Reached XP level 5. HP: 25/25 MP: 7/10
  2495 | D:3      | Found a glowing drain.
  2516 | Sewer    | Entered a sewer
  2909 | Sewer    | Found a viscous altar of Jiyva.
  2915 | Sewer    | Reached XP level 6. HP: 29/30 MP: 7/12
  3408 | D:3      | Learned a level 3 spell: Confusing Touch
  3469 | D:3      | Reached skill level 5 in Stealth
  3590 | D:3      | You fall into a shaft and drop 2 floors!
  3590 | D:5      | Entered Level 5 of the Dungeon
  3691 | D:5      | Reached XP level 7. HP: 35/35 MP: 11/13
  4206 | D:4      | Found a broken altar of Ashenzari.
  4603 | D:4      | Found a runed translucent door.
  4607 | D:4      | Noticed Xye's ghost (amateur DECj)
  4838 | D:5      | Gained mutation: You have razor-sharp teeth. [Vine Stalker
                  | growth]
  4838 | D:5      | Reached XP level 8. HP: 30/40 MP: 1/15
  4952 | D:5      | Reached skill level 6 in Stealth
  5095 | D:5      | Noticed Blork the orc
  5103 | D:5      | Killed Blork the orc
  5187 | D:5      | Noticed Menkaure
  5283 | D:6      | Reached skill level 5 in Hexes
  5318 | D:6      | Found a staircase to the Ecumenical Temple.
  5344 | Temple   | Entered the Ecumenical Temple
  5401 | Temple   | Became a worshipper of Fedhas Madash
  6244 | D:6      | Found the +7 staff of the Meek {protect, meekguard}
  6378 | D:7      | Found a runed translucent door.
  6379 | D:7      | Noticed Crazy Yiuf
  6764 | D:7      | Killed from afar by an orc priest

Illustrated notes

Levels and vault maps discovered:
D:1:      heliophobic_arrival_enchanted_forest, layout_basic,
          kennysheep_nondescript
D:2:      layout_basic, hellmonk_ecumenical_altar_dog_temple, minmay_tromino_v2
D:3:      layout_basic, portal_sewer_entry_a, uniq_jessica
D:4:      layout_basic, ashenzari_conservatory_becter,
          ebering_ghost_reflecting_pool, serial_curves, eino_curves_01,
          eino_curves_04
D:5:      layout_gridville, grunt_ministairs_14, saegor_snake_ambush,
          uniq_menkaure, uniq_ijyb, uniq_blork_the_orc
D:6:      layout_loops_ring, minmay_temple_entry_wispy, pf_guarded_unrand_meek
D:7:      layout_basic, minmay_misc_feat_chi, uniq_crazy_yiuf_cottage
Temple:   nicolae_temple_god_jail

Skill      XL: |  1  2  3  4  5  6  7  8 |
---------------+-------------------------+-----
Stealth        | 4 5 6 |  6.7
Fighting       | 1 2 3 |  3.9
Short Blades   | 1 2 3 |  3.8
Ice Magic      | 1 2 3 4 |  4.0
Spellcasting   | 3 4 |  4.9
Hexes          | 4 5 |  5.3
Staves         | |  0.5
Dodging        | |  1.5

Action                   |  1- 3 |  4- 6 |  7- 9 || total
-------------------------+-------+-------+-------++-------
Melee: Dagger            |    97 |   146 |   115 ||   358
       Bite              |    18 |    45 |    31 ||    94
       Punch             |       |     5 |     3 ||     8
       Short sword       |       |       |    13 ||    13
       Quarterstaff      |       |       |     6 ||     6
 Cast: Ensorcelled Hiber |     6 |    55 |    50 ||   111
       Confusing Touch   |       |       |     1 ||     1
  Use: Potion            |     1 |       |       ||     1
       Scroll            |       |     2 |     4 ||     6
 Stab: Sleeping          |    12 |    40 |    37 ||    89
Armor: Robe              |    13 |    30 |    18 ||    61
Dodge: Dodged            |    49 |   101 |    97 ||   247
